 Dungeon Crawl Stone Soup version 0.22-a0-135-g6f012ad (webtiles) character file.

234340 JeffiDaFish the Spry (level 19, -5/124 HPs)
             Began as a Gargoyle Fighter on Aug 7, 2017.
             Was the Champion of Okawaru.
             Slain by a large abomination (19 damage)
             ... on level 3 of the Abyss on Feb 1, 2018.
             The game lasted 01:47:15 (31583 turns).

JeffiDaFish the Spry (Gargoyle Fighter)            Turns: 31583, Time: 01:47:17

Health: -5/124     AC: 51    Str: 24    XL:     19   Next: 59%
Magic:  11/29      EV: 16    Int: 10    God:    Okawaru [******]
Gold:   3148       SH: 14    Dex: 15    Spells: 18/18 levels left

rFire    . . .     SeeInvis .   u - +5 flail (drain)
rCold    + . .     Gourm    .   c - +0 shield
rNeg     + + .     Faith    .   y - +2 plate armour {rN+}
rPois    ∞         Spirit   .   C - +2 helmet
rElec    +         Reflect  .   h - +2 cloak {rC+}
rCorr    +         Harm     .   w - +2 pair of gloves {Str+3}
MR       +....                  F - +1 pair of boots {run}
Stlth    ..........             k - amulet of regeneration
HPRegen  0.70/turn              e - +4 ring of slaying
MPRegen  0.21/turn              D - ring of resist corrosion

@: finesse, weakened, flying, slowed, very slow
A: big wings, icy blue scales 1, yellow scales 1, blurry vision 1, high mp 1,
mutation resistance 1, negative energy resistance 1, electricity resistance,
unbreathing, petrification resistance, rot immunity, AC +14
}: 1/15 runes: gossamer
a: Stop Flying, Heroism, Finesse, Renounce Religion


You were on level 3 of the Abyss.
You worshipped Okawaru.
Okawaru was exalted by your worship.
You were hungry.

You visited 5 branches of the dungeon, and saw 31 of its levels.
You visited the Abyss 2 times.
You also visited: Labyrinth, Bailey and Ice Cave.

You collected 3337 gold pieces.
You spent 189 gold pieces at shops.

Inventory:

Hand Weapons
 u - a +5 flail of draining (weapon)
 H - a +1 morningstar of flaming
Armour
 c - a +0 shield (worn)
 h - a +2 cloak of cold resistance (worn)
 w - a +2 pair of gloves of strength (worn)
 y - a +2 plate armour of positive energy (worn)
 C - a +2 helmet (worn)
 F - a +1 pair of boots of running (worn)
Jewellery
 b - a cursed -2 ring of evasion
 e - a +4 ring of slaying (left hand)
 k - an amulet of regeneration (around neck)
 D - a ring of resist corrosion (right hand)
Wands
 s - a wand of iceblast (1)
 A - a wand of digging (12)
Scrolls
 a - 19 scrolls of identify
 g - 12 scrolls of teleportation
 j - 6 scrolls of remove curse
 m - 6 scrolls of fear
 o - a scroll of summoning
 r - 3 scrolls of magic mapping
 t - 4 scrolls of fog
 v - 2 scrolls of blinking
Potions
 d - 5 potions of might
 l - a potion of heal wounds
 n - 3 potions of agility
 p - 6 potions of curing
 x - 2 potions of berserk rage
 z - 2 potions of invisibility
 B - 3 potions of haste
 E - 2 potions of brilliance
 G - a potion of cancellation
Books
 q - a book of Cantrips

   Spells                             Type                      Level
   a - Confusing Touch                Hexes                        1
   b - Animate Skeleton               Necromancy                   1
   c - Summon Small Mammal            Summoning                    1
   d - Apportation                    Translocation                1
Comestibles
 f - 50 rations
 i - 4 rations


   Skills:
 + Level 15.0 Fighting
 + Level 14.7 Maces & Flails
 + Level 15.2 Armour
 * Level 15.3 Dodging
 - Level 1.2 Stealth
 + Level 15.1 Shields
 - Level 11.0 Invocations


You had 18 spell levels left.
You didn't know any spells.

Dungeon Overview and Level Annotations

Branches:
Dungeon (15/15)            Temple (0/1) D:4            Lair (6/6) D:11
 Shoals (4/4) Lair:2       Spider (4/4) Lair:4        Slime (0/5) Lair:5
    Orc (2/2) D:9             Elf (0/3) Orc:2        Vaults (0/5) D:13
 Depths (0/5) D:15

Altars:
Ashenzari
Cheibriados
Dithmenos
Gozag
Hepliaklqana
Kikubaaqudgha
Okawaru
Qazlal
Sif Muna
Trog
Uskayaw
Wu Jian
Xom
Yredelemnul

Shops:
D:11 (   Orc:2 ((%:


Innate Abilities, Weirdness & Mutations

You are resistant to torment.
Your stone body is resilient. (AC +14)
You are immune to poison.
Your large and strong wings let you fly indefinitely.
You resist negative energy. (rN+)
You are resistant to electric shocks. (rElec)
You can survive without breathing.
You are immune to petrification.
You are immune to rotting.
You are partially covered in icy blue scales. (AC +2)
You are partially covered in yellow scales. (AC +2)
Scrolls take you a little longer to read.
You have an increased reservoir of magic. (+10% MP)
You are somewhat resistant to further mutation.


Message History

You hit the large abomination but do no damage.
The large abomination is moderately damaged.
You block the large abomination's attack.
You hit the large abomination.
The large abomination is moderately damaged.
You block the orange demon's attack.
The orange demon hits you but does no damage.
Your plate armour prevents you from hitting the large abomination.
The large abomination is moderately damaged.
The large abomination hits you!
* * * LOW HITPOINT WARNING * * *
You sock the neqoxec!
The neqoxec is heavily wounded.
You bludgeon the neqoxec!!
You kill the neqoxec!
Okawaru accepts your kill. The orange demon barely misses you.
The orange demon hits you but does no damage.
The large abomination hits you!!
You die...

## # # . .. # .. #
. .. .####.# ##.
#. #...# ...##
##..##...##.#.# ##
............#... .
........G#. # #.
.# #X@.#.# ##
#.4†......# .. #
........†....##
.........R.....#
##
#..##.....8......#
#.# ###...###....
#) ..... . ...# #
...... . # .# .. .
. .


You could see a rakshasa, an orange demon, a large abomination and an eye of
draining.

Vanquished Creatures
  An ancient lich (Abyss:3)
  Arachne (Spider:2)
  Jorgrun (Shoals:3)
  An Ice Fiend (IceCv)
  Rupert (D:12)
  2 tentacled starspawn (Abyss:3)
  Kirke (Lair:6)
  Roxanne (Spider:4)
  Donald (Spider:2)
  5 ghost moths
  Ilsuiw (Shoals:4)
  A cacodemon (Abyss:3)
  7 emperor scorpions
  Louise (Shoals:3)
  A very ugly thing (Abyss:3)
  3 entropy weavers
  Nessos (D:14)
  Azrael (D:14)
  A dire elephant (Lair:6)
  A yellow draconian (Abyss:3)
  2 spark wasps
  Snorg (D:14)
  An ettin (D:12)
  4 merfolk javelineers
  A deep elf high priest (D:12)
  Josephine (D:13)
  A minotaur (Lab)
  7 merfolk impalers
  A rakshasa (Abyss:3)
  4 merfolk avatars
  7 hydras
  2 alligator snapping turtles
  4 catoblepae
  4 ogre magi (Orc:2)
  24 two-headed ogres
  2 merfolk aquamancers
  A satyr (Shoals:2)
  15 death yaks (Lair:6)
  A tengu warrior (D:14)
  An orc high priest (Orc:1)
  A soul eater (Abyss:3)
  Sonja (D:12)
  4 skeletal warriors (D:14)
  2 wretched stars (Abyss:3)
  A spatial maelstrom (Abyss:3)
  2 unseen horrors (D:13)
  3 sea snakes
  18 orb spiders
  2 wizards
  10 wolf spider zombies
  2 orc knights
  16 wolf spiders
  2 necromancers
  2 lindwurms (Lair:6)
  5 harpies (Shoals:3)
  3 orc sorcerers
  5 ugly things
  An oklob plant (Lair:5)
  6 cyclopes
  A centaur zombie (D:14)
  A deep elf mage (D:13)
  14 manticores
  6 fauns
  3 black mambas
  15 elephants
  6 merfolk sirens
  Joseph (D:7)
  A naga mage (D:15)
  A water nymph (Shoals:3)
  A guardian serpent (Abyss:3)
  An ice statue (IceCv)
  13 spiny frogs
  6 gargoyles
  3 torpor snails
  2 smoke demons (Abyss:3)
  7 komodo dragons
  2 freezing wraiths
  An efreet (D:12)
  A rime drake (shapeshifter) (Abyss:3)
  The ghost of Atlas the Covert, a novice OpAs (D:4)
  2 anaconda simulacra (IceCv)
  4 rime drakes (Lair:6)
  A queen bee (Spider:3)
  An ancient zyme (Abyss:3)
  20 demonic crawlers
  9 redback zombies (Spider:3)
  A golden dragon simulacrum (IceCv)
  A jumping spider (shapeshifter) (D:13)
  4 ice devils (IceCv)
  3 meliai (Spider:3)
  9 hornets
  3 trolls
  25 merfolk
  3 polar bears
  2 wolf spider simulacra (IceCv)
  2 wind drakes (Shoals:1)
  31 jumping spiders
  8 slime creatures
  12 hippogriffs
  6 blink frogs
  5 raiju (Abyss:3)
  16 dream sheep
  A meliai zombie (D:15)
  5 tarantella zombies (Spider:3)
  11 snapping turtles
  A shadow (D:11)
  A spriggan (D:7)
  29 yaks
  A ynoxinul (Abyss:3)
  26 tarantellas
  11 water elementals
  2 hogs (Lair:6)
  6 wraiths
  78 redbacks
  3 wyverns
  A basilisk (shapeshifter) (D:13)
  A dire elephant simulacrum (IceCv)
  7 basilisks
  2 hungry ghosts
  2 fire elementals (D:14)
  7 wargs
  2 death yak simulacra (IceCv)
  2 neqoxecs (Abyss:3)
  3 vampire mosquitoes (D:14)
  2 iron troll simulacra (IceCv)
  5 large abominations (Abyss:3)
  A chaos spawn (Abyss:3)
  3 harpy simulacra (IceCv)
  3 acid dragons
  5 hydra simulacra (IceCv)
  Duvessa (D:4)
  3 hell hounds (D:14)
  12 water moccasins
  3 porcupines
  6 sky beasts
  6 ice beasts
  A phantom (D:12)
  A black bear (D:11)
  An ettin simulacrum (IceCv)
  A necrophage (D:12)
  31 orc warriors
  A hornet zombie (D:12)
  33 ogres
  An eye of draining (D:13)
  21 centaurs
  5 small abominations (Abyss:3)
  18 crocodiles
  3 big kobolds
  8 bullfrogs
  A wyvern skeleton (D:9)
  Dowan (D:4)
  6 scorpions
  An elephant simulacrum (IceCv)
  17 killer bees
  3 howler monkeys
  3 electric eels
  7 crimson imps
  2 bullfrog zombies
  3 draconian simulacra (IceCv)
  9 starcursed masses (Abyss:3)
  2 quasits
  8 centaur skeletons
  4 hounds
  15 orc priests
  Crazy Yiuf (D:7)
  5 jellies
  19 orc wizards
  2 bullfrog skeletons (D:12)
  6 iguanas
  A polar bear simulacrum (IceCv)
  13 worker ants
  3 troll simulacra (IceCv)
  A wolf simulacrum (IceCv)
  A spriggan simulacrum (IceCv)
  3 centaur simulacra (IceCv)
  A hound zombie (D:11)
  A howler monkey zombie (D:9)
  A worker ant zombie (D:5)
  11 adders
  A naga simulacrum (IceCv)
  4 ogre simulacra (IceCv)
  4 shadow imps
  6 white imps
  2 ufetubi (IceCv)
  3 oozes
  2 adder skeletons
  2 worms (D:2)
  2 dart slugs (D:1)
  4 leopard geckos
  79 orcs
  4 ball pythons
  3 giant cockroaches
  3 goblins
  5 hobgoblins
  9 jackals
  2 quokkas
  7 bats
  6 frilled lizards
  A jackal skeleton (D:9)
  22 kobolds
  3 leopard gecko skeletons (D:4)
  A quokka skeleton (D:5)
  5 rats
  4 starspawn tentacles (Abyss:3)
1170 creatures vanquished.

Vanquished Creatures (others)
  A ghost moth (Spider:4)
  A wizard (D:5)
  A demonic crawler (Spider:4)
  A hippogriff (Shoals:2)
  A redback (Spider:4)
  A human (Lair:6)
  An orc wizard (D:5)
  3 white imps (IceCv)
  5 ufetubi (IceCv)
  An orc (D:7)
  6 fungi
  6 plants
  8 starspawn tentacles (Abyss:3)
36 creatures vanquished.

Grand Total: 1206 creatures vanquished

Notes
Turn   | Place    | Note
-------+----------+-------------------------------------------
     0 | D:1      | JeffiDaFish the Gargoyle Fighter began the quest for the Orb.
     0 | D:1      | Reached XP level 1. HP: 14/14 MP: 1/1
    40 | D:1      | Reached XP level 2. HP: 12/19 MP: 2/2
   326 | D:1      | Reached XP level 3. HP: 23/23 MP: 3/3
   673 | D:2      | Found an iron altar of Okawaru.
   696 | D:2      | Became a worshipper of Warmaster Okawaru
   854 | D:2      | Found a faded altar of an unknown god.
   905 | D:2      | Found a basalt altar of Yredelemnul.
   939 | D:2      | Reached XP level 4. HP: 28/28 MP: 4/4
  1384 | D:3      | Found a snail-covered altar of Cheibriados.
  1412 | D:3      | Found a deep blue altar of Sif Muna.
  1413 | D:3      | Found a shadowy altar of Dithmenos.
  1413 | D:3      | Found a shattered altar of Ashenzari.
  1422 | D:3      | Found an ornate altar of the Wu Jian Council.
  1818 | D:4      | Reached XP level 5. HP: 32/32 MP: 5/5
  1855 | D:4      | Reached skill level 1 in Stealth
  2002 | D:4      | Found a staircase to the Ecumenical Temple.
  2027 | D:4      | Noticed Atlas's ghost (novice OpAs)
  2049 | D:4      | Killed Atlas's ghost
  2049 | D:4      | Reached * piety under Okawaru
  2049 | D:4      | Reached skill level 5 in Maces & Flails
  2049 | D:4      | Reached XP level 6. HP: 36/38 MP: 6/6
  2062 | D:4      | Reached XP level 7. HP: 43/43 MP: 7/7
  2119 | D:4      | Noticed Duvessa
  2132 | D:4      | Killed Duvessa
  2132 | D:4      | Reached skill level 1 in Dodging
  2309 | D:4      | Noticed Dowan
  2322 | D:4      | Killed Dowan
  2322 | D:4      | Reached skill level 5 in Armour
  2345 | D:5      | Entered Level 5 of the Dungeon
  2727 | D:5      | Reached ** piety under Okawaru
  2727 | D:5      | Reached XP level 8. HP: 24/48 MP: 8/8
  2890 | D:5      | Found a bloodstained altar of Trog.
  2912 | D:5      | Noticed a wizard
  2916 | D:5      | Killed a wizard
  3008 | D:5      | Reached skill level 5 in Shields
  3311 | D:5      | Upgraded the game from 0.21-a0-173-g99db44b to 0.22-a0-135-g6f012ad
  3431 | D:6      | Found a stormy altar of Qazlal.
  3432 | D:6      | Found a hazy altar of Hepliaklqana.
  3646 | D:6      | Found an ancient bone altar of Kikubaaqudgha.
  3648 | D:6      | Found a shimmering altar of Xom.
  3731 | D:6      | Reached skill level 5 in Fighting
  3744 | D:6      | Identified the +4 trident of Quantum Leap {pierce, rElec MR- Dex+2} (You found it on level 6 of the Dungeon)
  3929 | D:6      | Reached *** piety under Okawaru
  4230 | D:7      | Noticed Joseph
  4247 | D:7      | Reached XP level 9. HP: 52/54 MP: 9/9
  4266 | D:7      | Killed Joseph
  4474 | D:7      | Reached **** piety under Okawaru
  4820 | D:7      | Found a runed door.
  4824 | D:7      | Noticed Crazy Yiuf
  4831 | D:7      | Killed Crazy Yiuf
  5078 | D:8      | Identified the +2 quarterstaff "Giaciakh" {crush, Dex+6 SInv} (You found it on level 8 of the Dungeon)
  5184 | D:8      | Found a flagged portal.
  5214 | Bailey   | Entered a bailey
  5415 | Bailey   | Reached XP level 10. HP: 61/61 MP: 10/10
  5650 | Bailey   | Identified a scroll of acquirement
  5653 | Bailey   | Found a roughly hewn altar of Beogh.
  5653 | Bailey   | Noticed an orc knight
  5677 | D:8      | Killed an orc knight
  5696 | D:8      | Reached ***** piety under Okawaru
  5786 | D:8      | Noticed a two-headed ogre
  5797 | D:8      | Killed a two-headed ogre
  5797 | D:8      | Reached skill level 5 in Dodging
  6071 | D:8      | Noticed a two-headed ogre
  6081 | D:8      | Killed a two-headed ogre
  6650 | D:9      | Reached skill level 1 in Invocations
  6874 | D:9      | Reached XP level 11. HP: 62/68 MP: 10/12
  7067 | D:9      | Received a gift from Okawaru
  7154 | D:9      | Found a staircase to the Orcish Mines.
  7466 | D:10     | Entered Level 10 of the Dungeon
  7516 | D:10     | Reached ****** piety under Okawaru
  7545 | D:10     | Found an opulent altar of Gozag.
  7650 | D:10     | Noticed a six-headed hydra
  7665 | D:10     | Killed a six-headed hydra
  8088 | D:11     | Noticed a two-headed ogre
  8093 | D:11     | Noticed a manticore
  8109 | D:10     | Killed a manticore
  8169 | D:10     | Killed a two-headed ogre
  8246 | D:11     | Received a gift from Okawaru
  8249 | D:11     | Got a crystal demon whip {god gift}
  8250 | D:11     | Identified the +4 demon whip of Terror {pain, rF+ MR+ Int-5} (Okawaru gifted it to you on level 11 of the Dungeon)
  8328 | D:11     | Noticed a cyan ugly thing
  8340 | D:11     | Killed a cyan ugly thing
  8886 | D:11     | Found a staircase to the Lair.
  8914 | D:11     | Found a hazy altar of Hepliaklqana.
  8944 | D:11     | Found Fiw Fimi's Antique Weapon Shop.
  8948 | D:11     | Bought a runed morningstar for 189 gold pieces
  9339 | Lair:1   | Entered Level 1 of the Lair of Beasts
  9407 | Lair:1   | Reached XP level 12. HP: 57/75 MP: 15/15
 10111 | Lair:2   | Noticed a seven-headed hydra
 10121 | Lair:1   | Killed a seven-headed hydra
 10239 | Lair:2   | Found the +4 moon troll leather armour {Spirit, Regen++ MP+5}
 10445 | Lair:2   | Received a gift from Okawaru
 10445 | Lair:2   | Reached skill level 10 in Maces & Flails
 10585 | Lair:2   | Found a staircase to the Shoals.
 10978 | Lair:3   | Reached skill level 5 in Invocations
 11201 | Lair:3   | Gained mutation: You have an increased reservoir of magic. (+10% MP) [potion of mutation]
 11201 | Lair:3   | Gained mutation: You are partially covered in yellow scales. (AC +2) [potion of mutation]
 11201 | Lair:3   | Gained mutation: You are partially covered in icy blue scales. (AC +2) [potion of mutation]
 11903 | Lair:4   | Reached skill level 10 in Armour
 12091 | Lair:4   | Received a gift from Okawaru
 12200 | Lair:4   | Found a hole to the Spider Nest.
 12711 | Lair:5   | Noticed a four-headed hydra
 12722 | Lair:5   | Killed a four-headed hydra
 12811 | Lair:5   | Reached XP level 13. HP: 36/81 MP: 19/19
 12977 | Lair:5   | Reached skill level 10 in Shields
 13216 | Lair:5   | Reached skill level 10 in Fighting
 13367 | Lair:5   | Found a staircase to the Slime Pits.
 13814 | Lair:6   | Entered Level 6 of the Lair of Beasts
 13823 | Lair:6   | Received a gift from Okawaru
 13976 | Lair:6   | Received a gift from Okawaru
 14141 | Lair:6   | Reached skill level 10 in Dodging
 14168 | Lair:6   | Received a gift from Okawaru
 14169 | Lair:6   | Gained mutation: Your large and strong wings let you fly indefinitely. [Gargoyle growth]
 14169 | Lair:6   | Reached XP level 14. HP: 87/88 MP: 21/21
 14833 | Lair:6   | Noticed Kirke
 14945 | Lair:6   | Killed Kirke
 15141 | Lair:6   | Noticed a dire elephant
 15155 | Lair:6   | Killed a dire elephant
 15155 | Lair:6   | Received a gift from Okawaru
 15739 | D:12     | Noticed Sonja
 15830 | D:12     | Noticed Rupert
 15909 | D:12     | Paralysed by Rupert for 5 turns
 15923 | D:12     | Killed Rupert
 16033 | D:12     | Killed Sonja
 16088 | D:12     | Found a shadowy altar of Dithmenos.
 16102 | D:12     | Reached XP level 15. HP: 39/95 MP: 23/23
 16113 | D:12     | Found a hide-covered altar of Uskayaw.
 16505 | D:12     | Received a gift from Okawaru
 17362 | D:13     | Noticed Josephine
 17374 | D:13     | Killed Josephine
 17723 | D:13     | Found a gate to the Vaults.
 17810 | D:13     | You are sucked into a shaft!
 17824 | D:14     | Noticed Nessos
 17871 | D:14     | Killed Nessos
 17893 | D:14     | Noticed Snorg
 17909 | D:14     | Killed Snorg
 17935 | D:14     | Noticed Azrael
 17957 | D:14     | Killed Azrael
 18124 | D:14     | Found a labyrinth entrance.
 18131 | Lab      | Entered a labyrinth
 18357 | Lab      | Received a gift from Okawaru
 18580 | D:14     | Found a snail-covered altar of Cheibriados.
 18793 | D:15     | Entered Level 15 of the Dungeon
 19373 | D:15     | Reached XP level 16. HP: 101/101 MP: 25/25
 19412 | D:15     | Found a staircase to the Depths.
 19424 | D:15     | Reached skill level 10 in Invocations
 19650 | Orc:1    | Entered Level 1 of the Orcish Mines
 19815 | Orc:2    | Entered Level 2 of the Orcish Mines
 19876 | Orc:2    | Found a staircase to the Elven Halls.
 20380 | Orc:2    | Received a gift from Okawaru
 20557 | Orc:2    | Found Kafo's Antique Weapon Shoppe.
 20558 | Orc:2    | Found Pegab's Book Boutique.
 20558 | Orc:2    | Found Gasmerei's Food Shoppe.
 20558 | Orc:2    | Found Maisor's Antique Weapon Shop.
 21000 | Spider:1 | Entered Level 1 of the Spider Nest
 21397 | Spider:1 | Received a gift from Okawaru
 22264 | Spider:2 | Noticed Arachne
 22318 | Spider:2 | Killed Arachne
 22318 | Spider:2 | Reached XP level 17. HP: 73/108 MP: 25/27
 22792 | Spider:2 | Noticed Donald
 22816 | Spider:2 | Killed Donald
 22816 | Spider:2 | Received a gift from Okawaru
 23565 | Spider:3 | Got a crude tin amulet
 23603 | Spider:3 | Identified the amulet of Beogh's Approval {Spirit Int+4} (You took it off a necromancer on level 3 of the Spider Nest)
 24430 | Spider:4 | Entered Level 4 of the Spider Nest
 24471 | Spider:4 | Received a gift from Okawaru
 24528 | Spider:4 | Noticed Roxanne
 24926 | Spider:4 | Received a gift from Okawaru
 24926 | Spider:4 | Reached XP level 18. HP: 115/116 MP: 8/28
 25104 | Spider:4 | Killed Roxanne
 25105 | Spider:4 | Identified Roxanne's Tome of Transmigration (You took it off Roxanne on level 4 of the Spider Nest)
 26100 | Spider:4 | Got a gossamer rune of Zot
 26314 | Shoals:1 | Entered Level 1 of the Shoals
 26374 | Shoals:1 | Received a gift from Okawaru
 26403 | Shoals:1 | Identified a +1 pair of boots of running (Okawaru gifted it to you on level 1 of the Shoals)
 28349 | Shoals:3 | Found a frozen archway.
 28395 | IceCv    | Entered an ice cave
 28940 | IceCv    | Noticed an Ice Fiend
 29101 | IceCv    | Killed an Ice Fiend
 29823 | Shoals:3 | Received a gift from Okawaru
 29958 | Shoals:3 | Reached XP level 19. HP: 84/122 MP: 29/29
 30064 | Shoals:3 | Noticed Louise
 30075 | Shoals:3 | Cast into level 3 of the Abyss (Louise)
 30090 | Abyss:3  | Noticed an ancient lich
 30103 | Abyss:3  | Noticed a Brimstone Fiend
 30108 | Abyss:3  | Noticed a Brimstone Fiend
 30128 | Abyss:3  | Killed an ancient lich
 30206 | Abyss:3  | Reached skill level 15 in Dodging
 30227 | Abyss:3  | Found an ancient bone altar of Kikubaaqudgha.
 30229 | Abyss:3  | Paralysed by accursed screaming for 1 turns
 30468 | Shoals:3 | Escaped the Abyss
 30497 | Shoals:3 | Reached skill level 15 in Armour
 30525 | Shoals:3 | Killed Louise
 30531 | Shoals:3 | Got a bloodstained large shield
 30563 | Shoals:3 | Identified the +8 large shield of Hedonism {rF- Int+5} (You took it off Louise on level 3 of the Shoals)
 30720 | Shoals:3 | Noticed Jorgrun
 30730 | Shoals:3 | Killed Jorgrun
 30929 | Shoals:4 | Entered Level 4 of the Shoals
 30929 | Shoals:4 | Noticed Ilsuiw
 31143 | Shoals:4 | Killed Ilsuiw
 31233 | Shoals:4 | Reached skill level 15 in Shields
 31234 | Shoals:4 | Cast into level 3 of the Abyss (merfolk javelineer)
 31374 | Abyss:3  | Received a gift from Okawaru
 31445 | Abyss:3  | Paralysed by accursed screaming for 1 turns
 31471 | Abyss:3  | HP: 3/123 [starcursed mass/accursed screaming (10)]
 31479 | Abyss:3  | HP: 1/123 [large abomination (13)]
 31495 | Abyss:3  | Gained mutation: Scrolls take you a little longer to read. [a neqoxec]
 31564 | Abyss:3  | Gained mutation: You are somewhat resistant to further mutation. [a cacodemon]
 31572 | Abyss:3  | Reached skill level 15 in Fighting
 31583 | Abyss:3  | Slain by a large abomination

Vault maps used:
D:1:      eino_arrival_water_star, wad_floor_pattern_untrapped,
          amethyst_killhole, minmay_pentomino_x2
D:2:      minmay_door_path, yredelemnul_altar_generic,
          chequers_ecumenical_altar_island, okawaru_ov_weapons_minmay
D:3:      cheibrodos_old_hovel, grunt_temple_overflow_open
D:4:      temple_green, uniq_duvessa
D:5:      first_bread, trog_wizard
D:6:      nicolae_overflow_hidden_temple,
          chequers_temple_overflow_statue_of_worship, serial_column_ruins,
          column_ruins_open_small, column_ruins_corridor_straight,
          column_ruins_columns_straight, column_ruins_open_small
D:7:      the_bakery, lemuel_flamethrower_2, uniq_crazy_yiuf_cottage,
          uniq_joseph
D:8:      enter_bailey_2, hangedman_minor_gate_pass
D:9:      cheibrodos_ideogram_h, minmay_orc_entry_guard_dogs
D:10:     grunt_gozag_statues
D:11:     grunt_lair_entry_orc_guard_hut, basic_altar, serial_shops,
          nicolae_shop_stone
D:12:     minmay_misc_feat_rows, jmf_multi_god_temple, uniq_sonja, uniq_rupert
D:13:     david_vaults_4, uniq_josephine
D:14:     basic_altar, lab_entry_generic, nicolae_twisting_strands, uniq_nessos,
          uniq_azrael, uniq_snorg
D:15:     grunt_enter_depths_magical_seal, minmay_stone_trees_medium,
          kennysheep_pointless_box, due_unseen_surprise
Lair:1:   minivault_11
Lair:2:   minmay_shoals_entry_hut, grunt_megastairs_2
Lair:3:   minivault_24, lemuel_fruit_tree
Lair:4:   dummy_spider_entry
Lair:5:   slime_dummy
Lair:6:   hangedman_lair_in_review, grunt_megastairs_3, uniq_kirke
Shoals:2: nicolae_shoals_hunting_party
Shoals:3: portal_ice_cave_entry_pillars_three, uniq_jorgrun, uniq_louise
Shoals:4: shoals_end_simple, shoals_ilsuiw_alternative
Spider:1: nicolae_crawler_farm
Spider:2: uniq_donald, uniq_arachne
Spider:3: lemuel_spider_zombies, special_room
Spider:4: grunt_spider_rune_parallel, uniq_roxanne
Orc:2:    st_orc_ogre_mass
Abyss:3:  nicolae_abyss_rune_star_stuff, evilmike_abyss_exit_12, minivault_5
Lab:      labyrinth_glass_1, nicolae_lab_very_dead_end,
          labyrinth_skeletal_remains, nicolae_lab_plus,
          nicolae_lab_flowing_pool, nicolae_lab_quarters,
          nicolae_lab_checkerboard
Bailey:   bailey_polearm_2, bailey
IceCv:    ice_cave_caverns_02

Skill      XL: |  1  2  3  4  5  6  7  8  9 10 11 12 13 14 15 16 17 18 19 |
---------------+----------------------------------------------------------+-----
Maces & Flails | 3 5 6 7 8 9 10 11 12 13 14 | 14.7
Stealth        | 1 |  1.2
Armour         | 4 5 6 7 8 9 10 11 12 13 14 15 | 15.2
Fighting       | 4 5 6 7 8 9 10 11 12 13 14 15 | 15.0
Shields        | 4 5 7 8 9 10 11 12 13 14 15 | 15.1
Dodging        | 1 2 4 6 7 8 10 11 12 13 14 15 | 15.3
Invocations    | 1 4 5 7 8 9 11 | 11.0

Action                   |  1- 3 |  4- 6 |  7- 9 | 10-12 | 13-15 | 16-18 | 19-21 || total
-------------------------+-------+-------+-------+-------+-------+-------+-------++-------
Melee: Flail             |    83 |       |       |       |   155 |  2811 |   559 ||  3608
       Morningstar       |    14 |    87 |   418 |   847 |  1266 |       |       ||  2632
Invok: Heroism           |       |       |       |     3 |       |       |       ||     3
       Finesse           |       |       |       |       |     7 |    15 |     6 ||    28
 Abil: Fly               |       |       |       |       |     1 |       |       ||     1
Evoke: Wand              |       |       |       |       |     2 |       |     4 ||     6
  Use: Scroll            |     6 |     2 |     6 |     9 |     6 |     9 |     3 ||    41
       Potion            |     5 |     1 |     5 |     7 |     3 |     6 |    11 ||    38
 Stab: Invisible         |     1 |       |       |       |       |       |       ||     1
       Petrified         |       |       |       |       |     8 |       |       ||     8
  Eat: Chunk             |     2 |     3 |    14 |    20 |    19 |    22 |     6 ||    86
       Ration            |       |       |       |     2 |     2 |     4 |       ||     8
Armor: Scale mail        |    76 |    42 |    33 |       |       |       |       ||   151
       Plate armour      |       |       |   257 |   565 |   911 |  2039 |   370 ||  4142
Dodge: Dodged            |    44 |    22 |   125 |   268 |   523 |  1649 |   366 ||  2997
Block: Shield            |    54 |    45 |   295 |   578 |   881 |  2187 |   451 ||  4491

Table legend:
 A = Spawn XP
 B = Non-spawn XP
 C = Spawn XP percentage of total XP
 D = Spawn monster count
 E = Non-spawn monster count
 F = Spawn count percentage of total count
 G = Total turns spent on level
                    A         B        C        D         E        F      G
               +---------+---------+-------+---------+---------+-------+---------
         Total |   19943 |  344186 |   5.5 |      27 |    1046 |   2.5 | 28272
               +---------+---------+-------+---------+---------+-------+---------
           D:6 |       0 |     391 |   0.0 |       0 |      13 |   0.0 |   832
           D:7 |       0 |    1598 |   0.0 |       0 |      23 |   0.0 |   994
           D:8 |       0 |    3646 |   0.0 |       0 |      27 |   0.0 |   886
           D:9 |       0 |    3113 |   0.0 |       0 |      39 |   0.0 |  1056
          D:10 |       0 |    3626 |   0.0 |       0 |      19 |   0.0 |   765
          D:11 |       0 |    2723 |   0.0 |       0 |      21 |   0.0 |  1215
          D:12 |       0 |   13442 |   0.0 |       0 |      39 |   0.0 |  1196
          D:13 |       0 |   12305 |   0.0 |       0 |      49 |   0.0 |   909
          D:14 |       0 |   17080 |   0.0 |       0 |      55 |   0.0 |   764
          D:15 |       0 |    7319 |   0.0 |       0 |      21 |   0.0 |   734
        Lair:1 |       0 |    3435 |   0.0 |       0 |      13 |   0.0 |   929
        Lair:2 |       0 |    2083 |   0.0 |       0 |       8 |   0.0 |   744
        Lair:3 |       0 |    3686 |   0.0 |       0 |      18 |   0.0 |   874
        Lair:4 |       0 |    3122 |   0.0 |       0 |      12 |   0.0 |  1070
        Lair:5 |       0 |    9737 |   0.0 |       0 |      31 |   0.0 |  1177
        Lair:6 |       0 |   40199 |   0.0 |       0 |      81 |   0.0 |  1748
      Shoals:1 |       0 |   13481 |   0.0 |       0 |      30 |   0.0 |   960
      Shoals:2 |       0 |   20246 |   0.0 |       0 |      46 |   0.0 |  1075
      Shoals:3 |       0 |   16927 |   0.0 |       0 |      29 |   0.0 |  1047
      Shoals:4 |       0 |    9585 |   0.0 |       0 |      10 |   0.0 |   208
      Spider:1 |       0 |   18446 |   0.0 |       0 |      44 |   0.0 |  1098
      Spider:2 |       0 |   19096 |   0.0 |       0 |      46 |   0.0 |  1209
      Spider:3 |       0 |   30477 |   0.0 |       0 |      80 |   0.0 |  1249
      Spider:4 |       0 |   41541 |   0.0 |       0 |      98 |   0.0 |  1673
         Orc:1 |       0 |    1443 |   0.0 |       0 |      13 |   0.0 |   175
         Orc:2 |       0 |   23023 |   0.0 |       0 |      89 |   0.0 |  1007
       Abyss:3 |   19943 |    9407 |  67.9 |      27 |      20 |  57.4 |   742
           Lab |       0 |    2643 |   0.0 |       0 |       5 |   0.0 |   234
        Bailey |       0 |     839 |   0.0 |       0 |      15 |   0.0 |   448
         IceCv |       0 |    9527 |   0.0 |       0 |      52 |   0.0 |  1237
               +---------+---------+-------+---------+---------+-------+---------
